[Event "*** SCC Grand Prix: Titled Tuesday Blitz"]
[Site "Chess.com"]
[Date "2020.10.13"]
[Round "5"]
[White "Nikita_Klepikov"]
[Black "Orest_Vovk"]
[Result "0-1"]
[WhiteElo "2240"]
[BlackElo "2412"]
[TimeControl "180+1"]
[EndTime "10:55:53 PDT"]
[Termination "Orest_Vovk won on time"]

1. e4 Nc6 2. Nf3 f5 3. exf5 d5 4. d4 Bxf5 5. Nc3 e6 6. Bd3 Nf6 7. O-O Be7 8. Re1 O-O 9. a3 Bd6 10. Bg5 Qd7 11. Bxf5 exf5 12. Bxf6 Rxf6 13. Nxd5 Bxh2+ 14. Nxh2 Qxd5 15. c3 Rg6 16. Qf3 Qb3 17. d5 Na5 18.
Re7 Qxb2 19. Rae1 Rf8 20. Re8 Qxa3 21. Qxf5 Rf6 22. Qd7 Qxc3 23. Rxf8+ Rxf8 24. Qe6+ Kh8 25. Nf3 Nc4 26. Ng5 Qf6 27. Qe8 Qxf2+ 28. Kh2 h6 29. Re5 Nxe5 0-1

[Event "*** SCC Grand Prix: Titled Tuesday Blitz"]
[Site "Chess.com"]
[Date "2020.10.13"]
[Round "5"]
[White "Oleksandr_Bortnyk"]
[Black "Sven_Tica"]
[Result "0-1"]
[WhiteElo "2882"]
[BlackElo "2658"]
[TimeControl "180+1"]
[EndTime "10:55:54 PDT"]
[Termination "Sven_Tica won on time"]

1. e4 c5 2. c3 Nf6 3. e5 Nd5 4. d4 cxd4 5. Nf3 e6 6. cxd4 b6 7.
Bc4 Bb7 8. Bxd5 Bxd5 9. Nc3 Bb7 10. O-O d6 11. Bg5 Be7 12. Nb5 f6 13. Bf4 fxe5 14. dxe5 O-O 15. Nfd4 Rxf4 16. Nxe6 Qd7 17. Nxf4 Qxb5 18.
exd6 Bf6 19. a4 Qf5 20. Qb3+ Kh8 21. Qf7 Nd7 22. Rfe1 h6 23. g3 Rf8 24. Re8 Rxe8 25.
Qxe8+ Kh7 26. Qe6 Qxe6 27. Nxe6 Bxb2 28. Re1 Ba3 29. Rd1 Kg6 30. Rd3 Bb4 31. Rd4 a5 32. Rc4 Bd5 0-1

[Event "*** SCC Grand Prix: Titled Tuesday Blitz"]
[Site "Chess.com"]
[Date "2020.10.13"]
[Round "5"]
[White "AurumO"]
[Black "DrMamaliga"]
[Result "0-1"]
[WhiteElo "1926"]
[BlackElo "2363"]
[TimeControl "180+1"]
[EndTime "10:55:54 PDT"]
[Termination "DrMamaliga won on time"]

1. e4 d6 2. d4 Nf6 3. Bd3 g6 4. Nf3 Bg7 5. O-O O-O 6. c3 c5 7.
h3 Na6 8. Re1 Nc7 9. Bg5 h6 10.
Bh4 Bd7 11. Nbd2 cxd4 12. cxd4 Ne6 13. e5 dxe5 14. dxe5 Nd5 15. Ne4 Bc6 16. Bc4 g5 17. Bg3 Ndf4 18. Bb3 Qxd1 19. Raxd1 Rfd8 20. Bxf4 Nxf4 21. Rxd8+ Rxd8 22. Ng3 Bxf3 23. gxf3 Nxh3+ 24. Kh2 Nxf2 25. Nf5 Nd3 26. Re2 Bxe5+ 27. Kh1 e6 28. Nxh6+ Kf8 29. Ng4 Bg7 30. Ne3 Nxb2 31. Nc4 Nxc4 32. Bxc4 Rc8 33.
Bb3 Rc3 34. Kg2 Ke7 35. Re4 b5 36. Rb4 a6 37. Re4 Kd6 38. Rg4 Bf6 39. Re4 Be5 40.
Re2 a5 41. Rd2+ Kc7 42. Re2 Bf4 43. Kh3 a4 44. Bd1 Rxf3+ 45. Kg4 Rg3+ 0-1

[Event "*** SCC Grand Prix: Titled Tuesday Blitz"]
[Site "Chess.com"]
[Date "2020.10.13"]
[Round "5"]
[White "VinzentSpitzl"]
[Black "Ariadna_Atreides"]
[Result "0-1"]
[WhiteElo "2304"]
[BlackElo "2041"]
[TimeControl "180+1"]
[EndTime "10:55:57 PDT"]
[Termination "Ariadna_Atreides won by resignation"]

1. Nf3 d5 2. b3 Nf6 3. Bb2 e6 4.
g3 Be7 5. Bg2 O-O 6. c4 Nbd7 7.
O-O b6 8. d4 Bb7 9. Nc3 Ne4 10.
Nxe4 dxe4 11. Ne5 f5 12. Nxd7 Qxd7 13. f3 exf3 14. exf3 Bf6 15. Qd2 c5 16. Rad1 Rad8 17.
d5 exd5 18. f4 Bxb2 19. Qxb2 d4 20. Rfe1 Bxg2 21. Qxg2 Rfe8 22. Re5 Rxe5 23. fxe5 d3 24. Rd2 Qd4+ 25. Qf2 Qxe5 26. h3 Qc3 27. Qe3 Qd4 28. Kf2 Qxe3+ 29. Kxe3 Kf7 30. h4 Kf6 31. Kf4 g6 32. g4 fxg4 33. Kxg4 Ke5 34. Kg5 Ke4 35.
Kh6 Ke3 36. Rh2 d2 37. Rh3+ Ke2 38. Rh2+ Kd1 39. Rh1+ Kc2 40. Rh2 Kc3 41. Rh3+ Kb4 42. Rh1 Ka3 43. Rd1 Kxa2 44. Kxh7 Kxb3 45. Kxg6 Kc2 46.
Rh1 d1=Q 47. Rxd1 Kxd1 48. h5 Kd2 49. h6 Kc3 50. h7 Kxc4 51. Kf7 Rh8 52. Ke7 Rxh7+ 0-1

[Event "*** SCC Grand Prix: Titled Tuesday Blitz"]
[Site "Chess.com"]
[Date "2020.10.13"]
[Round "5"]
[White "WildTricks"]
[Black "KaterynaLagno"]
[Result "0-1"]
[WhiteElo "2440"]
[BlackElo "2708"]
[TimeControl "180+1"]
[EndTime "10:55:58 PDT"]
[Termination "KaterynaLagno won by checkmate"]

1. e4 e5 2. Nf3 Nc6 3. Bc4 Bc5 4.
O-O Nf6 5. d3 d6 6. c3 a6 7. a4 h6 8. Re1 O-O 9. h3 Re8 10. Nbd2 Be6 11. Bxe6 Rxe6 12. b4 Bb6 13. a5 Ba7 14. Qc2 Qd7 15. Nf1 Nh5 16. Be3 Bxe3 17. Nxe3 Nf4 18. Kh2 Rf6 19. Ng1 Ne7 20. g3 Ne6 21. Ng4 Rg6 22. Nf3 h5 23. Ne3 Rf6 24. Nh4 d5 25. Nhf5 Ng5 26. Nxe7+ Qxe7 27. Nxd5 Nf3+ 28.
Kh1 Qe6 29. Nxf6+ Qxf6 30. Re3 g5 31. Kg2 g4 32. hxg4 hxg4 33. Qe2 Rd8 34. Rh1 Kg7 35. Rh5 Qg6 36. Rh1 Qf6 37. Rh5 Qg6 38. Rf5 Rh8 39. Rexf3 gxf3+ 40. Qxf3 f6 41. Kf1 Qh6 42. Qe3 Qh1+ 43. Ke2 Qb1 44. Kf3 Qh1+ 45. Ke2 Qa1 46. d4 Rh1 47. dxe5 Qd1# 0-1

[Event "*** SCC Grand Prix: Titled Tuesday Blitz"]
[Site "Chess.com"]
[Date "2020.10.13"]
[Round "5"]
[White "vlad_Sid"]
[Black "MFBerna"]
[Result "1/2-1/2"]
[WhiteElo "2578"]
[BlackElo "2402"]
[TimeControl "180+1"]
[EndTime "10:55:59 PDT"]
[Termination "Game drawn - timeout vs insufficient material"]

1. c4 c6 2. g3 d5 3. Bg2 Nf6 4. Nf3 Bf5 5. Qb3 Qb6 6. d3 Nbd7 7.
Be3 Qxb3 8. axb3 a6 9. O-O e6 10. Nbd2 Be7 11. h3 h6 12. Rfe1 O-O 13. Bf4 Nc5 14. b4 Ncd7 15. b5 cxb5 16. cxb5 axb5 17. Nd4 Bb4 18. Nxb5 e5 19. Be3 d4 20. Bxd4 exd4 21.
Nxd4 Bxd2 22. Rxa8 Bxe1 23. Rxf8+ Kxf8 24. Nxf5 b6 25. Kf1 Bd2 26. e3 Nc5 27. Ke2 Bc1 28.
b4 Na6 29. b5 Nc7 30. Nd6 Ba3 31. Nc4 Nxb5 32. Nxb6 Bd6 33. Nc4 Bc7 34. d4 Ke7 35.
Kd3 Nd6 36. Nd2 h5 37. e4 Nd7 38. e5 Nf5 39. Be4 Nxd4 40. Kxd4 Bb6+ 41. Kd3 Bxf2 42. e6 Kxe6 43. Nf1 Nc5+ 44. Ke2 Nxe4 45. Kf3 f5 46. g4 fxg4+ 47. hxg4 hxg4+ 48. Kxe4 1/2-1/2

[Event "*** SCC Grand Prix: Titled Tuesday Blitz"]
[Site "Chess.com"]
[Date "2020.10.13"]
[Round "5"]
[White "Reader777"]
[Black "Barmen_EV"]
[Result "1-0"]
[WhiteElo "2701"]
[BlackElo "2497"]
[TimeControl "180+1"]
[EndTime "10:56:00 PDT"]
[Termination "Reader777 won on time"]

1. d4 d5 2. c4 e6 3. Nc3 Bb4 4. Nf3 Nf6 5. Bg5 h6 6. Bh4 g5 7. Bg3 Ne4 8. Nd2 Nxc3 9. bxc3 Bxc3 10. Rc1 Bxd4 11. cxd5 Qxd5 12. e3 Bb6 13. e4 Qd4 14. Rc4 Qg7 15. h4 Nc6 16. Be2 e5 17. Rxc6 bxc6 18.
Nc4 Bd4 19. Qa4 Bd7 20. Qa5 gxh4 21. Rxh4 O-O 22. Nxe5 Be6 23. Kf1 f5 24. Bd3 Qg5 25.
exf5 Qc1+ 26. Ke2 Qb2+ 27. Kf3 1-0

[Event "*** SCC Grand Prix: Titled Tuesday Blitz"]
[Site "Chess.com"]
[Date "2020.10.13"]
[Round "5"]
[White "jacky72"]
[Black "Eliwood44"]
[Result "0-1"]
[WhiteElo "2556"]
[BlackElo "2427"]
[TimeControl "180+1"]
[EndTime "10:56:00 PDT"]
[Termination "Eliwood44 won by checkmate"]

1. d4 Nf6 2. c4 e6 3. Nf3 d5 4.
Nc3 Be7 5. Bg5 Nbd7 6. cxd5 exd5 7. e3 h6 8. Bh4 c6 9. Bd3 Nh5 10. Bxe7 Qxe7 11. Qc2 Nb6 12. h3 Be6 13. O-O-O O-O-O 14. Kb1 Kb8 15. Rc1 Nc8 16. Na4 Nf6 17. Ne5 Nd7 18.
f4 Nxe5 19. fxe5 f6 20. exf6 Qxf6 21. Nc5 Rhe8 22. Nxb7 Kxb7 23. Qxc6+ Kb8 24. Qc7+ Ka8 25. Ba6 Bf5+ 26. Ka1 Qxa6 27. Qxg7 Nb6 28. Rhf1 Rc8 29. Rce1 Bd3 30. Rf7 Bc4 31. a3 Bb3 32. Qxh6 Qc4 33. Rff1 Rc6 34. Qh5 Rec8 35. Rb1 Bc2 36. Rbc1 Qb3 37.
Qe2 Na4 38. Rb1 Bxb1 39. Rxb1 Rc1 40. Qd3 Qxb2# 0-1

[Event "*** SCC Grand Prix: Titled Tuesday Blitz"]
[Site "Chess.com"]
[Date "2020.10.13"]
[Round "5"]
[White "chessfrendz"]
[Black "GelmanAlexander"]
[Result "0-1"]
[WhiteElo "2378"]
[BlackElo "2575"]
[TimeControl "180+1"]
[EndTime "10:56:00 PDT"]
[Termination "GelmanAlexander won on time"]

1. d4 Nf6 2. Nc3 c5 3. d5 d6 4. e4 Nbd7 5. Nf3 h6 6. Be2 g5 7. h3 Bg7 8. Be3 Nh7 9. Qd2 Nhf8 10. h4 g4 11. Nh2 Ne5 12. h5 a6 13. a4 Qa5 14. f4 gxf3 15. gxf3 Qb4 16. Nd1 Qb6 17. a5 Qc7 18. f4 Ned7 19. Rg1 Rh7 20.
Bg4 Nf6 21. Bf3 Bd7 22. Nf2 O-O-O 23. Ra3 Kb8 24. Nf1 Bh8 25. b4 cxb4 26. Qxb4 Rc8 27. c3 Bb5 28. Nd2 N8d7 29. Rg3 Nc5 30. Rg1 Bd7 31.
Bd4 Rg7 32. Rxg7 Bxg7 33. e5 Ne8 34. exd6 exd6 35. Bxg7 Nxg7 0-1

[Event "*** SCC Grand Prix: Titled Tuesday Blitz"]
[Site "Chess.com"]
[Date "2020.10.13"]
[Round "5"]
[White "monalize"]
[Black "Fh2411"]
[Result "0-1"]
[WhiteElo "2302"]
[BlackElo "2516"]
[TimeControl "180+1"]
[EndTime "10:56:00 PDT"]
[Termination "Fh2411 won by resignation"]

1. e4 c5 2. Nf3 e6 3. d4 cxd4 4. Nxd4 a6 5. Nc3 Qc7 6. Qf3 Nc6 7. Be3 Nf6 8. O-O-O Ne5 9. Qg3 d6 10. f4 Ng6 11. Bd3 e5 12. Nde2 h5 13. Rhf1 h4 14.
Qe1 Be7 15. Kb1 Bd7 16. Nd5 Nxd5 17. exd5 Bf6 18. Nc3 O-O-O 19. Qf2 Rde8 20. Bb6 Qb8 21. Bxg6 fxg6 22. Ne4 Bf5 23. Nxf6 gxf6 24. Qf3 Kd7 25. g4 hxg3 26. hxg3 Qc8 27. g4 Bxc2+ 28. Ka1 Bxd1 29. Rxd1 Qc4 30. fxe5 fxe5 31. Qf6 Rhf8 32. Qxg6 Rf1 33. Qb1 Ref8 34. Ba5 Rxd1 35. Qxd1 Rf1 36.
Be1 Qe4 37. Qa4+ Qxa4 0-1

[Event "*** SCC Grand Prix: Titled Tuesday Blitz"]
[Site "Chess.com"]
[Date "2020.10.13"]
[Round "5"]
[White "Obito24"]
[Black "CrazyMartian"]
[Result "0-1"]
[WhiteElo "2507"]
[BlackElo "2300"]
[TimeControl "180+1"]
[EndTime "10:56:01 PDT"]
[Termination "CrazyMartian won on time"]

1. e4 c5 2. Nf3 d6 3. d4 cxd4 4. Nxd4 Nf6 5. Nc3 a6 6. Bg5 e6 7. f4 Be7 8. Qf3 Qc7 9. O-O-O Nbd7 10. Kb1 h6 11. Bh4 b5 12. e5 Bb7 13. Qg3 dxe5 14. fxe5 Qxe5 15. Qxg7 Ne4 16. Qg4 Nxc3+ 17. bxc3 Bxh4 18.
Qxh4 Qg5 19. Qf2 Nf6 20. h4 Qg7 21. Rh3 Ne4 22. Qe3 Rc8 23. Rd3 O-O 24. Qf4 Kh8 25.
g4 e5 26. Qf5 exd4 27. g5 Nxc3+ 28. Kb2 Be4 0-1

[Event "*** SCC Grand Prix: Titled Tuesday Blitz"]
[Site "Chess.com"]
[Date "2020.10.13"]
[Round "5"]
[White "Ramu_K_FM_FT"]
[Black "MF1966Idrisov"]
[Result "1-0"]
[WhiteElo "2111"]
[BlackElo "2331"]
[TimeControl "180+1"]
[EndTime "10:56:01 PDT"]
[Termination "Ramu_K_FM_FT won on time"]

1. e4 d5 2. exd5 Qxd5 3. Nc3 Qd6 4. Bc4 a6 5. Bb3 Nf6 6. d4 Bf5 7. Nf3 e6 8. Bg5 Be7 9. Qe2 O-O 10. h3 Nc6 11. O-O-O Na5 12. g4 Nxb3+ 13. axb3 Bg6 14. Ne5 Nd5 15. Bxe7 Nxc3 16. bxc3 Qxe7 17. Nxg6 Qg5+ 18. f4 Qxg6 19. f5 exf5 20. gxf5 Qxf5 21. Rdf1 Qa5 22. Kb2 Rae8 23. Qd2 c5 24. d5 c4 25. b4 Qb6 26.
Rhg1 Qe3 27. Qg2 g6 28. Rf3 Qe4 29. Rd1 Rd8 30. d6 Rd7 31. Qg3 Rfd8 32. Re3 Qc6 33. Re7 Rxd6 34. Qf4 f5 35. Qe5 1-0

[Event "*** SCC Grand Prix: Titled Tuesday Blitz"]
[Site "Chess.com"]
[Date "2020.10.13"]
[Round "5"]
[White "queen_iryna"]
[Black "kintoho"]
[Result "1/2-1/2"]
[WhiteElo "2305"]
[BlackElo "2501"]
[TimeControl "180+1"]
[EndTime "10:56:02 PDT"]
[Termination "Game drawn by repetition"]

1. e4 c5 2. Nf3 Nf6 3. d3 e6 4. g3 d5 5. Nbd2 Nc6 6. Bg2 Be7 7.
O-O b6 8. e5 Nd7 9. Re1 Qc7 10.
Qe2 Bb7 11. Nf1 O-O-O 12. a4 Rdg8 13. c3 g5 14. a5 g4 15. Nh4 Qxe5 16. Qd1 Qh5 17.
axb6 axb6 18. c4 Nd4 19. cxd5 Bxh4 20. gxh4 Nf3+ 21. Kh1 Nxe1 22. Qxe1 Bxd5 23. Bf4 Bxg2+ 24. Kxg2 Qd5+ 25. Kg1 Kb7 26. Ne3 Qf3 27. Bg3 Ra8 28. Nc4 Rxa1 29. Qxa1 Nb8 30. Nd6+ Kc7 31. Nxf7+ Kc8 32. Nxh8 Nc6 33. Qa8+ Kd7 34. Qb7+ Ke8 35. Qc8+ Ke7 36. Qc7+ Ke8 37. Qc8+ Nd8 38. Bc7 Qd1+ 39. Kg2 Qf3+ 40. Kg1 Qd1+ 41. Kg2 Qxd3 42. Bxd8 Qf3+ 43. Kg1 Qd1+ 44. Kg2 Qf3+ 45. Kg1 Qd1+ 46. Kg2 Qf3+ 1/2-1/2

[Event "*** SCC Grand Prix: Titled Tuesday Blitz"]
[Site "Chess.com"]
[Date "2020.10.13"]
[Round "5"]
[White "Legendinunknown"]
[Black "dretch"]
[Result "0-1"]
[WhiteElo "2605"]
[BlackElo "2840"]
[TimeControl "180+1"]
[EndTime "10:56:03 PDT"]
[Termination "dretch won by checkmate"]

1. d4 d5 2. c4 c6 3. Nf3 Nf6 4. Nc3 dxc4 5. a4 Bf5 6. Ne5 Nbd7 7. Nxc4 Nb6 8. Ne5 a5 9. h4 Qc7 10. f3 Nfd7 11. Bf4 Nc4 12. e4 Ncxe5 13. dxe5 Be6 14. Be2 Qb6 15. Qc1 Bb3 16. Be3 Qb4 17. O-O e6 18. f4 Bc5 19. Kh2 O-O 20. Rf3 Rfd8 21. Rg3 Bd4 22. Bxd4 Qxd4 23. Rd3 Qf2 24. Qe1 Qxf4+ 25.
Qg3 Qxg3+ 26. Rxg3 Nxe5 27. Nb5 cxb5 28. Rxb3 b4 29.
Rg3 Rac8 30. Bb5 Rc2 31. b3 g6 32. Rf1 h5 33. Rg5 Ng4+ 34. Kh3 Rc3+ 35. g3 Rd2 36. Rxg4 hxg4+ 37. Kxg4 Rg2 38. Rd1 Rgxg3+ 39. Kf4 f6 40. e5 Rcf3+ 41. Ke4 Re3+ 42. Kd4 Rxe5 43. Rc1 Rd5+ 44.
Ke4 Rc3 45. Rg1 Kf7 46. Rf1 f5+ 47. Kf4 Kf6 48. h5 g5# 0-1

[Event "*** SCC Grand Prix: Titled Tuesday Blitz"]
[Site "Chess.com"]
[Date "2020.10.13"]
[Round "5"]
[White "AliKa2810"]
[Black "lucachess49"]
[Result "1-0"]
[WhiteElo "2595"]
[BlackElo "2404"]
[TimeControl "180+1"]
[EndTime "10:56:03 PDT"]
[Termination "AliKa2810 won on time"]

1. d4 Nf6 2. c4 e6 3. Nf3 a6 4.
Nc3 d5 5. cxd5 exd5 6. Bg5 Be6 7.
e3 Nbd7 8. Bd3 Bd6 9. Qc2 c6 10. O-O Qc7 11. Ne2 h6 12. Bf4 O-O 13. h3 Rae8 14. Rac1 Ne4 15. b4 g5 16. Bxd6 Qxd6 17.
a4 g4 18. hxg4 Bxg4 19. Nd2 Bxe2 20. Nxe4 dxe4 21. Bxe2 Kh8 22. b5 cxb5 23. axb5 Rg8 24. Qc7 Qg6 25. Qh2 a5 26. Rc7 Nf6 27. Rfc1 Rg7 28.
Rxb7 Reg8 29. Bf1 Kh7 30. Rbc7 Qf5 31. R1c5 Qg6 32. R7c6 a4 33. b6 a3 34. Ra5 1-0

[Event "*** SCC Grand Prix: Titled Tuesday Blitz"]
[Site "Chess.com"]
[Date "2020.10.13"]
[Round "5"]
[White "Bigfish1995"]
[Black "vugarrasulov"]
[Result "0-1"]
[WhiteElo "3087"]
[BlackElo "2847"]
[TimeControl "180+1"]
[EndTime "10:56:04 PDT"]
[Termination "vugarrasulov won by resignation"]

1. d4 Nf6 2. Bf4 d5 3. e3 e6 4. Nf3 Bd6 5. Bg3 c5 6. c3 Qc7 7. Ne5 Ne4 8. Qa4+ Nd7 9. f4 cxd4 10. exd4 f6 11. Nxd7 Bxd7 12. Bb5 a6 13. Bxd7+ Qxd7 14. Qxd7+ Kxd7 15. Nd2 h5 16. Nxe4 dxe4 17. O-O h4 18. Be1 h3 19. g3 f5 20. Bd2 Rhc8 21. Kf2 b5 22. Rac1 a5 23. g4 g5 24. Kg1 gxf4 25. gxf5 Rg8+ 26. Kh1 f3 27. fxe6+ Kxe6 28. Rce1 Kd5 29.
Be3 Rg2 30. Rf2 Rag8 31. b3 Rxf2 32. Bxf2 Rg2 33. Rf1 Rxh2+ 34. Kg1 Rg2+ 35. Kh1 a4 36. c4+ bxc4 37. bxa4 c3 38. a5 Bb8 39. a6 Ba7 40. a4 c2 41. Be3 Kc4 42. Re1 Re2 43. Rc1 Kd3 44. Bf4 f2 45. Bg3 0-1

[Event "*** SCC Grand Prix: Titled Tuesday Blitz"]
[Site "Chess.com"]
[Date "2020.10.13"]
[Round "5"]
[White "VladaSviridova"]
[Black "yourstrulyme"]
[Result "0-1"]
[WhiteElo "2245"]
[BlackElo "2417"]
[TimeControl "180+1"]
[EndTime "10:56:04 PDT"]
[Termination "yourstrulyme won on time"]

1. d4 b6 2. c4 Bb7 3. Nc3 e6 4. a3 Nf6 5. d5 Be7 6. Nf3 O-O 7.
e4 exd5 8. exd5 Re8 9. Be2 Na6 10.
O-O Nc5 11. Qc2 a5 12. b3 Nfe4 13. Bb2 Bf6 14. b4 Nxc3 15. Bxc3 Bxc3 16. Qxc3 Rxe2 17. bxc5 bxc5 18. Rfe1 Rxe1+ 19. Rxe1 d6 20. h4 h6 21. Kh2 Bc8 22. g3 a4 23. Nd2 Bd7 24. Qe3 Qf6 25.
Ne4 Qb2 26. Re2 Qb3 27. Nd2 Qa2 28. Ne4 Qxc4 29. Rd2 Re8 30. f3 f5 31. Qc3 Rxe4 32.
Qb2 Re1 33. Qb8+ Kh7 34. Qd8 Qf1 0-1

[Event "*** SCC Grand Prix: Titled Tuesday Blitz"]
[Site "Chess.com"]
[Date "2020.10.13"]
[Round "5"]
[White "paulrusan"]
[Black "ehrenfeld"]
[Result "0-1"]
[WhiteElo "2225"]
[BlackElo "2483"]
[TimeControl "180+1"]
[EndTime "10:56:05 PDT"]
[Termination "ehrenfeld won by resignation"]

1. e4 d6 2. d4 g6 3. Nc3 Bg7 4.
Be3 b6 5. Qd2 Bb7 6. f3 Nd7 7.
h4 h5 8. Nh3 c5 9. Ng5 cxd4 10.
Bxd4 Ngf6 11. Bc4 O-O 12. O-O-O Rc8 13. Bxf7+ Rxf7 14. Nxf7 Kxf7 15. g4 hxg4 16. h5 gxh5 17. fxg4 hxg4 18. Rhf1 Kg8 19. e5 dxe5 20. Bxe5 Qe8 21.
Bd4 Qg6 22. Kb1 Ne4 23. Nxe4 Bxe4 24. Bxg7 Bxc2+ 25. Ka1 Bxd1 26. Bc3 Rxc3 27. bxc3 Ba4 28. Qf4 Bb5 29. c4 Bc6 30. Rg1 Qf6+ 31. Qxf6 Nxf6 32. Kb2 Bf3 33. Kc3 Kf7 34. Kd4 Ke6 35. a4 Kf5 36.
a5 Kf4 37. axb6 axb6 38. Rb1 e5+ 39. Kc3 Nd7 40. Rg1 g3 41. Kb4 g2 42. Kb5 Kg3 43. Ra1 Kh2 44. Ka6 g1=Q 45. Rxg1 Kxg1 0-1

[Event "*** SCC Grand Prix: Titled Tuesday Blitz"]
[Site "Chess.com"]
[Date "2020.10.13"]
[Round "5"]
[White "Lenyas66"]
[Black "Margarita2907"]
[Result "1-0"]
[WhiteElo "2352"]
[BlackElo "2175"]
[TimeControl "180+1"]
[EndTime "10:56:05 PDT"]
[Termination "Lenyas66 won by resignation"]

1. d4 d5 2. Bg5 Nf6 3. Bxf6 exf6 4. e3 Bd6 5. c4 c6 6. Nc3 dxc4 7. Bxc4 O-O 8. Nf3 Bg4 9. h3 Bh5 10. g4 Bg6 11.
Nh4 Nd7 12. Nxg6 hxg6 13. h4 Nb6 14. Bb3 Qe7 15. h5 g5 16. Qf3 a5 17. h6 g6 18.
h7+ Kh8 19. Ne4 a4 20. Bc2 Bb4+ 21. Kf1 Nc4 22. Qxf6+ Qxf6 23. Nxf6 Nxb2 24. Rb1 a3 25. Bb3 Bd6 26. Ne4 Be7 27. Kg2 Nd3 28. d5 cxd5 29.
Bxd5 Nb4 30. Bb3 Rad8 31. Nc3 Rd2 32. Rbd1 Rfd8 33. Bxf7 Rxd1 34. Nxd1 Kg7 35. Bg8 Kh8 36. Nc3 Bf6 37. Ne4 Be7 38. Rh6 Rc8 39. Rxg6 Rc2 40. Re6 Bf8 41. Re8 Kg7 42. Rxf8 Nxa2 43. Bb3 Kxh7 44. Bxc2 Nb4 45. Bb1 a2 46. Bxa2 Nxa2 47. Rf7+ Kg6 48. Rxb7 Nc1 49. Rb6+ Kf7 50. Nxg5+ Kg7 51.
f4 1-0

[Event "*** SCC Grand Prix: Titled Tuesday Blitz"]
[Site "Chess.com"]
[Date "2020.10.13"]
[Round "5"]
[White "kuban1991"]
[Black "Hikaru"]
[Result "0-1"]
[WhiteElo "2815"]
[BlackElo "3214"]
[TimeControl "180+1"]
[EndTime "10:56:06 PDT"]
[Termination "Hikaru won by resignation"]

1. Nf3 d5 2. g3 g6 3. Bg2 Bg7 4.
d4 Nd7 5. O-O Ngf6 6. Nbd2 Nb6 7. c4 dxc4 8. a4 a5 9. Qc2 Nfd5 10. Nxc4 Nb4 11. Qc3 Nxc4 12. Qxc4 Be6 13. Qc3 O-O 14. Ne5 c6 15. e4 Rc8 16. Be3 c5 17. dxc5 Na2 18. Rxa2 Bxa2 19. f4 Be6 20. f5 Qc7 21. fxe6 Qxe5 22. exf7+ Rxf7 23. Qc4 e6 24. Rd1 Bf8 25. Bh3 Bxc5 26. Bxc5 Rxc5 27. Qxe6 Kg7 28. Qxe5+ Rxe5 29. Bg2 Rc5 30. Bf1 Re7 31. Re1 Rc2 32. b3 Kf6 33. Bc4 Ke5 34. Bd5 Rec7 35. Rf1 Rc1 36.
Kf2 R7c2+ 37. Kg1 Rxf1+ 38. Kxf1 Rxh2 39. Bxb7 Rb2 40. Bd5 g5 41. Kg1 h5 42. Kf1 h4 43.
gxh4 gxh4 44. Kg1 Kf4 0-1

[Event "*** SCC Grand Prix: Titled Tuesday Blitz"]
[Site "Chess.com"]
[Date "2020.10.13"]
[Round "5"]
[White "PotapovaM"]
[Black "bakki78"]
[Result "0-1"]
[WhiteElo "2529"]
[BlackElo "2746"]
[TimeControl "180+1"]
[EndTime "10:56:06 PDT"]
[Termination "bakki78 won on time"]

1. d4 d6 2. e4 g6 3. Nc3 Bg7 4. Be3 a6 5. h4 h6 6. Qd2 b5 7.
Bd3 Nd7 8. f4 c5 9. dxc5 Nxc5 10. O-O-O b4 11. Nce2 Nxd3+ 12. Qxd3 Nf6 13. e5 Ng4 14.
exd6 Bf5 15. d7+ Qxd7 16. Qb3 Qc7 17. Bd4 O-O 18. Bxg7 Kxg7 19. Nh3 a5 20. Nd4 Be4 21. Qg3 h5 22. Ng5 Qb7 23. f5 Bxf5 24. Nxf5+ gxf5 25. Qf4 e6 26. Nf3 Qe7 27. Rhe1 Rad8 28. Rxd8 Rxd8 29. Nd4 Qf6 30. Nf3 Rd5 31. Qc7 e5 32. Qc4 Qd6 33. b3 e4 34. Ng5 Qf4+ 35. Kb2 Qe5+ 36. Kc1 Qd4 37. Qxd4+ Rxd4 38. Kb2 Rd2 39. Rf1 Kg6 0-1

[Event "*** SCC Grand Prix: Titled Tuesday Blitz"]
[Site "Chess.com"]
[Date "2020.10.13"]
[Round "5"]
[White "catzapto"]
[Black "ChelsieMonica"]
[Result "0-1"]
[WhiteElo "2160"]
[BlackElo "2376"]
[TimeControl "180+1"]
[EndTime "10:56:06 PDT"]
[Termination "ChelsieMonica won by resignation"]

1. e4 Nc6 2. Nf3 d5 3. exd5 Qxd5 4. Nc3 Qd8 5. Bc4 Nf6 6. O-O e6 7. d4 Be7 8. Re1 O-O 9. Bg5 h6 10. Bh4 a6 11. a4 b6 12. Bxf6 Bxf6 13. d5 exd5 14.
Qxd5 Bxc3 15. Qxc6 Bxe1 16. Qxa8 Bb4 17. Qe4 Bd6 18.
Re1 a5 19. Bd3 f5 20. Qh4 Bd7 21. Qxd8 Rxd8 22. b3 Kf7 23. Nd4 g6 24. Bc4+ Kf6 25. Nb5 Be5 26. Rd1 f4 27. Na7 Ke7 28. Bb5 Bxb5 29.
Rxd8 Kxd8 30. Nxb5 Kd7 31. c3 c6 32. Nd4 Bxd4 33.
cxd4 Ke6 34. Kf1 Kd5 35. Ke2 Kxd4 36. Kf3 Kc3 37. Kxf4 Kxb3 38. Ke5 c5 39. f4 c4 40. g4 c3 41. f5 gxf5 42. gxf5 c2 43. f6 c1=Q 44. f7 Qc8 45. Kf6 Qf8 46. Kg6 Kxa4 47. h4 Kb3 48. h5 a4 49. Kh7 a3 50. Kg6 a2 51. Kf6 a1=Q+ 52. Kg6 Qb1+ 53. Kf6 Qb2+ 54. Ke6 Qe2+ 55. Kd7 Qb5+ 56. Kc7 Qxf7+ 57. Kb8 0-1

[Event "*** SCC Grand Prix: Titled Tuesday Blitz"]
[Site "Chess.com"]
[Date "2020.10.13"]
[Round "5"]
[White "Cocaino74"]
[Black "Jungle_Jaguar"]
[Result "1-0"]
[WhiteElo "2396"]
[BlackElo "2610"]
[TimeControl "180+1"]
[EndTime "10:56:07 PDT"]
[Termination "Cocaino74 won by resignation"]

1. e4 c5 2. Nf3 d6 3. Bb5+ Nd7 4. O-O a6 5. Bd3 Ngf6 6. c3 g6 7. Bc2 Bg7 8. d4 O-O 9. h3 b5 10. a4 Bb7 11. Qe2 c4 12. Bf4 Qb6 13. Nbd2 Nh5 14. Be3 Qc7 15. b3 cxb3 16. Bxb3 Qxc3 17. Rfc1 Qb4 18. Rab1 Qa5 19. Ba2 Rfc8 20. Nb3 Qxa4 21. Rxc8+ Rxc8 22. Ra1 e6 23. Nfd2 Rc2 24. Bb1 Rc1+ 25.
Kh2 Qb4 26. Nxc1 Qb2 27. Ra2 Qxc1 28. Rc2 Qa3 29. Rc7 e5 30. Rxd7 exd4 31. Rd8+ Bf8 32. Bh6 Ng7 33. Qf3 Qb4 34. Qf6 1-0

[Event "*** SCC Grand Prix: Titled Tuesday Blitz"]
[Site "Chess.com"]
[Date "2020.10.13"]
[Round "5"]
[White "MPGM"]
[Black "Matols"]
[Result "1-0"]
[WhiteElo "2431"]
[BlackElo "2246"]
[TimeControl "180+1"]
[EndTime "10:56:07 PDT"]
[Termination "MPGM won on time"]

1. c4 e5 2. Nc3 Nf6 3. Nf3 Nc6 4. e4 Bc5 5. Nxe5 Nxe5 6. d4 Bd6 7. c5 Bxc5 8. dxc5 O-O 9. Be2 Qe7 10. Be3 b6 11. b4 bxc5 12. bxc5 Bb7 13. f3 d6 14. cxd6 cxd6 15. O-O Rfc8 16. Rc1 Nc4 17. Bd4 Nd7 18.
Qb3 Ndb6 19. a4 Nd2 20. Qb4 Nxf1 21. a5 Nd2 22. axb6 axb6 23. Rd1 Nxe4 24. Nxe4 Bxe4 25. fxe4 Ra2 26. Bf3 Rcc2 27. Qxb6 h6 28. Be3 Qh4 29. Qxd6 Kh7 30. Qg3 Qe7 31. Rf1 Qb4 32. Qf4 Qe7 33. h4 f6 34. h5 Qe6 35. Bg4 1-0

[Event "*** SCC Grand Prix: Titled Tuesday Blitz"]
[Site "Chess.com"]
[Date "2020.10.13"]
[Round "5"]
[White "Zkid"]
[Black "LiemLe"]
[Result "0-1"]
[WhiteElo "2812"]
[BlackElo "2985"]
[TimeControl "180+1"]
[EndTime "10:56:08 PDT"]
[Termination "LiemLe won by resignation"]

1. e4 c5 2. Nf3 Nc6 3. Bb5 g6 4. Bxc6 dxc6 5. d3 Bg7 6. h3 e5 7. Be3 b6 8. Nbd2 Qc7 9. a4 a5 10. Nc4 Be6 11. Nfd2 Nf6 12. b4 axb4 13. a5 b5 14. Nb6 Ra6 15. Bxc5 Bf8 16. Nb3 Bxb3 17. Bxf8 Kxf8 18. cxb3 Kg7 19. Qd2 Qxb6 20. axb6 Rxa1+ 21. Ke2 Rxh1 22. Qxb4 Ra1 23. Qd6 Raa8 24. Qxe5 Rhe8 25. Qc3 Re6 26. Qd4 Rb8 27. f4 Kg8 28. Kf3 Rb7 29. f5 Rd7 30. Qc5 Red6 31. b7 Rxd3+ 32. Ke2 Rd2+ 33. Ke1 Rd1+ 34. Ke2 R1d2+ 35. Ke1 Rxb7 36. Qxc6 Rbd7 37. Qxf6 Ra2 38. Qe5 Rd8 39. f6 Rc8 40. Kd1 Rxg2 41. Qf4 Ra8 42. Qe5 Ra1+ 0-1